 Dungeon Crawl Stone Soup version 0.31-a0-984-gbfb7dba898 (webtiles) character file.

Game seed: 7326980368658925281

150 BinkBink the Cudgeller (level 5, 0/47 HPs)
             Began as a Minotaur Monk on Nov 3, 2023.
             Slain by an orc wizard
             ... wielding a +0 dagger
              (4 damage)
             ... on level 4 of the Dungeon.
             The game lasted 00:01:37 (1548 turns).

BinkBink the Cudgeller (Minotaur Monk)              Turns: 1548, Time: 00:01:37

Health: 0/47       AC: 10    Str: 15    XL:     5   Next: 10%
Magic:  4/4        EV:  5    Int:  7    God:
Gold:   176        SH:  0    Dex: 15    Spells: 4/4 levels left

rFire   . . .        a - +0 mace
rCold   . . .        d - orb {light}
rNeg    . . .        o - +0 plate armour
rPois   .            (helmet restricted)
rElec   .            (no cloak)
rCorr   .            (no gloves)
SInv    .            (no boots)
Will    .....        (no amulet) Stlth
                     (no ring)
HPRegen 0.27/turn    (no ring)
MPRegen 0.09/turn

%: no passive effects
@: glowing
A: horns 2, retaliatory headbutt
a: no special abilities


You were on level 4 of the Dungeon.
You visited 1 branch of the dungeon, and saw 4 of its levels.

You collected 176 gold pieces.

Inventory:

Hand Weapons
 a - a +0 mace (weapon)
Armour
 b - a +0 robe
 d - an orb of light (worn)
 o - a +0 plate armour (worn)
Wands
 r - a wand of quicksilver (10)
Scrolls
 e - a scroll of acquirement {unknown}
 f - 3 scrolls of identify {unknown}
 j - 3 scrolls of amnesia {unknown}
 m - a scroll of brand weapon {unknown}
 n - a scroll of poison {unknown}
 p - a scroll of enchant weapon {unknown}
Potions
 c - a potion of ambrosia
 g - 2 potions of curing {unknown}
 h - a potion of magic {unknown}
 i - 2 potions of invisibility {unknown}
 k - a potion of mutation {unknown}
 l - 2 potions of cancellation {unknown}
 q - a potion of haste {unknown}
 s - a potion of resistance {unknown}


   Skills:
 + Level 4.9 Fighting
 + Level 4.9 Maces & Flails
 + Level 1.4 Armour
 + Level 4.4 Dodging


You had 4 spell levels left.
You didn't know any spells.
Your spell library was empty.

Dungeon Overview and Level Annotations

Branches:
Dungeon (4/15)
 Temple: D:4-7

Altars:


Innate Abilities, Weirdness & Mutations

You have a pair of horns on your head.
You reflexively headbutt those who attack you in melee.


Message History

The orc wizard points at you and mumbles some strange words.
The magic dart hits you.
The phantom hits you but does no damage.
You bump into the rock wall.
You feel less confused.
The orc wizard hits you but does no damage.
The phantom hits you but does no damage.
You closely miss the phantom.
You headbutt the phantom, but do no damage.
The phantom is almost destroyed.
The orc wizard closely misses you. The phantom hits you.
The orc wizard gestures at you while chanting.
You resist with some effort.
You hit the phantom but do no damage.
The phantom is almost destroyed.
The phantom hits you.
* * * LOW HITPOINT WARNING * * *
The phantom blinks!
You blink.
The phantom hits you but does no damage.
Unknown command.
You barely miss the phantom.
The phantom is almost destroyed.
The orc wizard hits you but does no damage.
The phantom hits you.
* * * LOW HITPOINT WARNING * * *
You hit the phantom.
The phantom is almost destroyed.
The orc wizard hits you with a +0 dagger.
* * * LOW HITPOINT WARNING * * *
The phantom hits you but does no damage.
You closely miss the phantom.
The phantom is almost destroyed.
The orc wizard casts a spell at you. The magic dart hits you.
* * * LOW HITPOINT WARNING * * *
The phantom hits you but does no damage.
You hit the phantom.
You destroy the phantom!
The orc wizard hits you with a +0 dagger.
You die...

#......#
#....###
#######....####
...............
###....#
#......#####
#..........#
#..o####.###
#..@# # #...#
.......
####...## .....
#######


You could see an orc wizard (invisible).

Vanquished Creatures
  A phantom (D:4)
  An orc priest (D:4)
  An orc wizard (D:3)
  5 adders
  A dart slug (D:1)
  4 orcs
  4 endoplasms
  2 giant cockroaches (D:2)
  5 goblins
  2 hobgoblins (D:3)
  4 jackals (D:2)
  2 kobolds
  2 quokkas
  2 ball pythons
  4 bats
  2 frilled lizards
  6 rats
48 creatures vanquished.

Notes
Turn   | Place    | Note
-------+----------+-------------------------------------------
     0 | D:1      | BinkBink the Minotaur Monk began the quest for the Orb.
     0 | D:1      | Reached XP level 1. HP: 19/19 MP: 0/0
   205 | D:1      | Reached XP level 2. HP: 23/27 MP: 1/1
   546 | D:2      | Reached XP level 3. HP: 33/33 MP: 2/2
  1072 | D:3      | Reached XP level 4. HP: 41/41 MP: 3/3
  1335 | D:3      | Reached skill level 1 in Armour
  1509 | D:4      | Noticed a phantom
  1516 | D:4      | Reached XP level 5. HP: 45/47 MP: 4/4
  1548 | D:4      | Killed a phantom
  1548 | D:4      | Slain by an orc wizard

Illustrated notes

Levels and vault maps discovered:
D:1:      wander_arrival_desolate, layout_rooms
D:2:      layout_loops_cross
D:3:      layout_rooms
D:4:      layout_basic, mainiacjoe_overflow_paths,
          chequers_temple_overflow_minitemple, temple_fountains, minmay_vboxes

Skill      XL: |  1  2  3  4 |
---------------+-------------+-----
Fighting       | 4 |  4.9
Maces & Flails | 4 |  4.9
Dodging        | 4 |  4.4
Armour         | 1 |  1.4

Action                     |  1- 3 |  4- 6 || total
---------------------------+-------+-------++-------
  Melee: Mace              |    48 |    50 ||    98
         Headbutt          |    10 |    10 ||    20
 Armour: Robe              |    18 |       ||    18
         Plate armour      |     6 |    64 ||    70
  Dodge: Dodged            |    26 |    14 ||    40

Table legend: (Time is in decaauts)
 A = Elapsed time spent in this place.
 B = Non-inter-level travel time spent in this place.
 C = Inter-level travel time spent in this place.
 D = Time resting spent in this place.
 E = Time spent auto-exploring this place.
 F = Levels seen in this place.
 G = Mean time per level.
                   A        B        C        D        E       F      G
               +--------+--------+--------+--------+--------+-----+--------+
         Total |   1565 |   1467 |     98 |      6 |   1203 |   4 |  391.2 |
       Dungeon |   1565 |   1467 |     98 |      6 |   1203 |   4 |  391.2 |
               +--------+--------+--------+--------+--------+-----+--------+

Top non-repeatable levels by time:
     D:2: 685 daAuts
     D:3: 449 daAuts
     D:1: 381 daAuts
     D:4: 48 daAuts
